cohdb
Replays
Latest Replays
All Replays
Popular Replays
Top Player Replays
Match Explorer
How It Works
Community
CoH3 Stats
Reddit
Sign in to upload your games and track your stats! →
Sign in with Steam
Match 45642007
Unlisted
Match 45642007
Overview
Messages
Build Orders
End
Panzergrenadier Squad
Panzergrenadier Squad
250 Light Carrier
Construct Light Support Kompanie
MG34 Team
Assault Grenadier Squad
Fire Support Elements
Selects Battlefield Espionage Battlegroup
Selects Intel Disruption Beacon
2.5-tonne Medical Truck
Veteran Squad Leaders
Construct Panzerarmee Kommand
Selects 250/3 Funkpanzerwagen
Forward Retreat Point
Walking Stuka Rocket Launcher
WhyUSayOMG
blackbirddayo
FLOKL
thecrazycowboygeneral
한글
Retsugo
0
0
Comments
sign in to comment!
No comments posted yet!